 Dungeon Crawl Stone Soup version 0.31.0-1-g2c135a008e (webtiles) character file.

Game seed: 18255379633067815861

175 qw the Shooter (level 5, -1/40 HPs)
             Began as a Djinni Hunter on Jan 23, 2024.
             Slain by a gnoll
             ... wielding a +0 spear
              (3 damage)
             ... on level 4 of the Dungeon.
             The game lasted 00:00:11 (3114 turns).

qw the Shooter (Djinni Hunter)                      Turns: 3114, Time: 00:00:11

Health: -1/40      AC:  5    Str:  8 (10) XL:     5   Next: 86%
Gold:   178        EV: 11    Int: 10      God:
                   SH:  0    Dex: 18 (19)

rFire   + + .        a - +2 shortbow
rCold   x . .        (shield currently unavailable)
rNeg    . . .        b - +0 ring mail
rPois   inf          (no helmet)
rElec   .            (no cloak)
rCorr   .            (no gloves)
SInv    .            (boots unavailable)
Will    .....        (no amulet)
Stlth   +            (no ring)
HPRegen 0.26/turn    (no ring)
MPRegen 0.00/turn

%: infuse magic (-2 HP)
@: flying
A: sickness immunity, fire resistance 2, cold vulnerability 1, float, innate
caster, HP casting, extra vitality 1
a: no special abilities


You were on level 4 of the Dungeon.
You visited 1 branch of the dungeon, and saw 4 of its levels.

You collected 178 gold pieces.


Innate Abilities, Weirdness & Mutations

You are immune to sickness and miasma.
You are immune to poison.
Your flesh is very heat resistant. (rF++)
You are vulnerable to cold. (rC-)
You float through the air rather than walking.
You learn spells naturally, not from books.
Your magical power is your life essence.
You have superior vitality. (+4 MHP)


   Skills:
 - Level 3.0 Fighting
 + Level 4.3 Ranged Weapons
 - Level 1.8 Armour
 - Level 3.3 Dodging
 - Level 0.7 Stealth


You knew the following spells:

 Your Spells              Type           Power      Damage    Failure   Level
a - Kiss of Death         Conj/Necr      0%         2d5       75%         1
b - Call Imp              Summ           0%         N/A       86%         2
Your spell library was empty.

Inventory:

Hand Weapons
 a - a +2 shortbow (weapon)
Armour
 b - a +0 ring mail (worn)
Jewellery
 g - a ring of ice
Scrolls
 d - a scroll of blinking {unknown}
 f - a scroll of amnesia {unknown}
Potions
 c - a potion of cancellation {unknown}
 e - 2 potions of curing
 i - a potion of heal wounds {unknown}

Dungeon Overview and Level Annotations

Branches:
Dungeon (4/15)
 Temple: D:4-7

Altars:

Shops:
D:1 =

Annotations:
D:2 1 runed translucent door, Crazy Yiuf


Message History

The gnoll barely misses you.
You shoot an arrow. The arrow hits the gnoll.
The gnoll is almost dead.
The gnoll barely misses you.
A gnoll comes into view. It is wielding a +0 whip.
The gnoll misses you.
The gnoll hits you from afar with a +2 halberd of venom!
You shoot an arrow. The gnoll shouts!
The arrow hits the gnoll.
You kill the gnoll!
The gnoll hits you from afar with a +0 spear.
You shoot an arrow. The arrow hits the gnoll.
The gnoll is moderately wounded.
The gnoll hits you from afar with a +0 spear. x2
You shoot an arrow. The arrow closely misses the gnoll.
The gnoll hits you from afar with a +0 spear.
The gnoll barely misses you. The gnoll closely misses you.
The gnoll barely misses you.
You shoot an arrow. The arrow closely misses the gnoll.
The gnoll hits you but does no damage.
The gnoll hits you from afar with a +0 spear.
Enter note:
Enter note:
Enter note:
Enter note:
Enter note:
Enter note:
3111 ||| RETREEEEATING.
The gnoll attacks as it pursues you! The gnoll closely misses you.
You shoot an arrow. The arrow hits the gnoll!
You kill the gnoll!
The gnoll hits you from afar with a +0 spear!
You shoot an arrow. The arrow hits the gnoll!
The gnoll is severely wounded.
The gnoll misses you.
You shoot an arrow. The arrow closely misses the gnoll.
The iguana hisses angrily.
The gnoll hits you from afar with a +0 spear.
You die...

## #.#.......# #
.##.###.#......# !#
..##........)..##.#.
#......#....#.##....
.....####..#.......
.##....#.........# #
##..........>.# ##
##.##.........######.
###.[.@g.%####..#####..
...|.....)..#
#..##.##..
..#.....%g.##
##........ #....?.#)..#
#........ ....)...#$.##
#........ #...##..###.#
#........ .... ##.# =l
.......... .#. ...
.#........... ..
#.##..#.....


You could see an iguana and 2 gnolls.

Vanquished Creatures
  A bombardier beetle (D:4)
  An orc priest (D:3)
  2 gnolls (D:4)
  3 dart slugs
  3 ribbon worms
  2 orcs (D:3)
  7 endoplasms
  4 giant cockroaches
  9 goblins
  8 hobgoblins
  3 jackals (D:1)
  3 kobolds
  6 quokkas
  9 ball pythons
  5 bats
  3 frilled lizards (D:1)
  3 rats (D:1)
72 creatures vanquished.

Notes
Turn   | Place    | Note
-------+----------+-------------------------------------------
     0 | D:1      | qw the Djinni Hunter began the quest for the Orb.
     0 | D:1      | Reached XP level 1. HP: 18/18 MP: 0/0
     0 | D:1      | 0 ||| qw: Version: 0.3-a-132-g3d54051
     0 | D:1      | 0 ||| qw: Game counter: 635
     0 | D:1      | 0 ||| qw: Melee chars always use a shield: true
     0 | D:1      | 0 ||| qw: God list: Okawaru
     0 | D:1      | 0 ||| qw: Allow faded altars: false
     0 | D:1      | 0 ||| qw: Do Orc after clearing Dungeon:15 true
     0 | D:1      | 0 ||| qw: Do second Lair branch before Depths: true
     0 | D:1      | 0 ||| qw: Lair rune preference: random
     0 | D:1      | 0 ||| qw: Goals: Normal
     0 | D:1      | 0 ||| PLANNING D:1-11
   142 | D:1      | Reached XP level 2. HP: 23/23 MP: 0/0
   343 | D:1      | Found Tiegepu's Jewellery Boutique.
   360 | D:1      | 360 ||| SHOPLISTING +6 ring of dexterity (432 gold, have
                  | 22).
   360 | D:1      | 360 ||| SHOPLISTING +6 ring of strength (432 gold, have
                  | 22).
   417 | D:1      | Reached XP level 3. HP: 28/28 MP: 0/0
   417 | D:1      | Learned a level 1 spell: Kiss of Death
   460 | D:1      | Reached skill level 4 in Ranged Weapons
   631 | D:1      | 631 ||| RETREEEEATING.
  1055 | D:1      | 1055 ||| READING scroll labelled EDGHYU YGEJERI.
  1055 | D:1      | 1055 ||| ENCHANTING +0 shortbow.
  1056 | D:1      | 1056 ||| READING scroll labelled SOSHUO SAXZU.
  1057 | D:1      | 1057 ||| DRINKING 2 silvery potions.
  1058 | D:1      | 1058 ||| DRINKING 3 coppery potions.
  1059 | D:1      | 1059 ||| DRINKING 2 bubbling ruby potions.
  1060 | D:1      | 1060 ||| DROPPING scroll of butterflies.
  1061 | D:1      | 1061 ||| DROPPING 2 potions of magic.
  1062 | D:1      | 1062 ||| DROPPING potion of degeneration.
  1079 | D:1      | Reached XP level 4. HP: 34/34 MP: 0/0
  1158 | D:2      | Found a runed translucent door.
  1159 | D:2      | Noticed Crazy Yiuf
  1465 | D:2      | Reached skill level 3 in Fighting
  1731 | D:2      | 1731 ||| READING scroll of enchant weapon.
  1731 | D:2      | 1731 ||| ENCHANTING +1 shortbow.
  2131 | D:3      | 2131 ||| FLEEEEING.
  2233 | D:3      | Reached skill level 3 in Dodging
  2241 | D:3      | 2241 ||| FLEEEEING.
  2244 | D:3      | 2244 ||| FLEEEEING.
  2245 | D:3      | 2245 ||| FLEEEEING.
  2246 | D:3      | 2246 ||| FLEEEEING.
  2247 | D:3      | 2247 ||| FLEEEEING.
  2250 | D:3      | 2250 ||| FLEEEEING.
  2260 | D:3      | 2260 ||| FLEEEEING.
  2261 | D:3      | 2261 ||| FLEEEEING.
  2262 | D:3      | 2262 ||| FLEEEEING.
  2263 | D:3      | 2263 ||| FLEEEEING.
  2266 | D:3      | 2266 ||| FLEEEEING.
  2267 | D:3      | 2267 ||| FLEEEEING.
  2268 | D:3      | 2268 ||| FLEEEEING.
  2269 | D:3      | 2269 ||| FLEEEEING.
  2270 | D:3      | 2270 ||| FLEEEEING.
  2280 | D:3      | 2280 ||| FLEEEEING.
  2281 | D:3      | 2281 ||| FLEEEEING.
  2282 | D:3      | 2282 ||| FLEEEEING.
  2283 | D:3      | 2283 ||| FLEEEEING.
  2284 | D:3      | 2284 ||| FLEEEEING.
  2287 | D:3      | 2287 ||| FLEEEEING.
  2288 | D:3      | 2288 ||| FLEEEEING.
  2289 | D:3      | 2289 ||| FLEEEEING.
  2290 | D:3      | 2290 ||| FLEEEEING.
  2291 | D:3      | 2291 ||| FLEEEEING.
  2292 | D:3      | 2292 ||| FLEEEEING.
  2294 | D:3      | 2294 ||| FLEEEEING.
  2295 | D:3      | 2295 ||| FLEEEEING.
  2296 | D:3      | 2296 ||| FLEEEEING.
  2297 | D:3      | 2297 ||| FLEEEEING.
  2298 | D:3      | 2298 ||| FLEEEEING.
  2299 | D:3      | 2299 ||| FLEEEEING.
  2300 | D:3      | 2300 ||| FLEEEEING.
  2301 | D:3      | 2301 ||| FLEEEEING.
  2302 | D:3      | 2302 ||| FLEEEEING.
  2305 | D:3      | 2305 ||| FLEEEEING.
  2306 | D:3      | 2306 ||| FLEEEEING.
  2307 | D:3      | 2307 ||| FLEEEEING.
  2308 | D:3      | 2308 ||| FLEEEEING.
  2309 | D:3      | 2309 ||| FLEEEEING.
  2310 | D:3      | 2310 ||| FLEEEEING.
  2311 | D:3      | 2311 ||| FLEEEEING.
  2312 | D:3      | 2312 ||| FLEEEEING.
  2316 | D:3      | 2316 ||| FLEEEEING.
  2317 | D:3      | 2317 ||| FLEEEEING.
  2318 | D:3      | 2318 ||| FLEEEEING.
  2322 | D:3      | 2322 ||| FLEEEEING.
  2323 | D:3      | 2323 ||| FLEEEEING.
  2324 | D:3      | 2324 ||| FLEEEEING.
  2325 | D:3      | 2325 ||| FLEEEEING.
  2379 | D:3      | Reached XP level 5. HP: 40/40 MP: 0/0
  2379 | D:3      | Learned a level 2 spell: Call Imp
  2849 | D:3      | 2849 ||| UPGRADING to +0 ring mail.
  2859 | D:3      | 2859 ||| DROPPING +0 leather armour.
  2860 | D:3      | 2860 ||| READING scroll labelled XAONIA SECH.
  3078 | D:4      | Reached skill level 1 in Armour
  3110 | D:4      | HP: 9/40 [gnoll/+0 spear (4)]
  3111 | D:4      | 3111 ||| RETREEEEATING.
  3112 | D:4      | HP: 2/40 [gnoll/+0 spear (8)]
  3114 | D:4      | Slain by a gnoll

Levels and vault maps discovered:
D:1:      co_arrival_random_square_maze, layout_basic, serial_shops,
          nicolae_shop_waterfront, minmay_misc_feat_enclosed,
          minmay_split_cup_small
D:2:      layout_loops_corners, uniq_crazy_yiuf_cottage
D:3:      layout_basic, kennysheep_generic_room_3
D:4:      layout_cave_pools, mainiacjoe_overflow_alcove_1, serial_shops, shop,
          hangedman_decor_lopped, nicolae_shop_dragon_depot

Skill      XL: |  1  2  3  4  5 |
---------------+----------------+-----
Ranged Weapons | 4 |  4.3
Fighting       | 3 |  3.0
Dodging        | 3 |  3.3
Armour         | 1 |  1.8
Stealth        | |  0.7

Action                     |  1- 3 |  4- 6 || total
---------------------------+-------+-------++-------
   Fire: Shortbow          |    96 |    93 ||   189
    Use: Potion            |     3 |       ||     3
         Scroll            |     2 |     2 ||     4
 Armour: Leather armour    |    35 |    15 ||    50
         Ring mail         |       |    15 ||    15
  Dodge: Dodged            |    31 |    31 ||    62

Table legend:
 A = Non-vault XP
 B = Vault XP
 C = Vault XP percentage of total XP
 D = Non-vault monster count
 E = Vault monster count
 F = Vault count percentage of total count
                 A         B        C        D         E       F
            +---------+---------+-------+---------+---------+-------
      Total |     243 |       8 |   3.2 |      68 |       4 |   5.6
            +---------+---------+-------+---------+---------+-------
        D:1 |      64 |       6 |   8.6 |      36 |       3 |   7.7
        D:2 |       5 |       0 |   0.0 |       3 |       0 |   0.0
        D:3 |      74 |       2 |   2.6 |      14 |       1 |   6.7
        D:4 |     100 |       0 |   0.0 |      15 |       0 |   0.0
            +---------+---------+-------+---------+---------+-------
